 Dungeon Crawl Stone Soup version 0.26.1-2-gb8aa6d0cf2 (webtiles) character file.

Game seed: 4471217547086340611

58 Gadfly the Skirmisher (level 4, 0/35 HPs)
             Began as a Formicid Abyssal Knight on Feb 10, 2021.
             Was a Believer of Lugonu.
             Slain by a worm (5 damage)
             ... on level 2 of the Dungeon.
             The game lasted 00:02:42 (1646 turns).

Gadfly the Skirmisher (Formicid Abyssal Knight)     Turns: 1646, Time: 00:02:42

Health: 0/35       AC:  3    Str: 18    XL:     4   Next: 20%
Magic:  6/6        EV: 11    Int: 11    God:    Lugonu [**....]
Gold:   64         SH:  0    Dex: 10    Spells: 3/3 levels left

rFire    . . .     SeeInvis +   a - +1 hand axe
rCold    . . .     Faith    .   (no shield)
rNeg     . . .     Spirit   .   b - +0 leather armour
rPois    .         Reflect  .   (helmet unavailable)
rElec    .         Harm     .   (no cloak)
rCorr    .         Rampage  .   (no gloves)
Will     .....                  (no boots)
Stlth    +.........             (no amulet)
HPRegen  0.11/turn              (no ring)
MPRegen  0.10/turn              (no ring)

@: attractive
A: permanent stasis, dig shafts and tunnels, four strong arms, antennae 3
a: Dig, Shaft Self, Renounce Religion, Depart the Abyss, Bend Space


You were on level 2 of the Dungeon.
You worshipped Lugonu.
Lugonu was pleased with you.
You visited 1 branch of the dungeon, and saw 2 of its levels.
You visited the Abyss 1 time.

You collected 64 gold pieces.

Inventory:

Hand Weapons
 a - a +1 hand axe (weapon)
Armour
 b - a +0 leather armour (worn)
Potions
 c - a potion of flight
 g - a potion of degeneration {unknown}


   Skills:
 + Level 3.3 Fighting
 * Level 2.4 Axes
 + Level 2.6 Armour
 - Level 0.8 Dodging
 * Level 1.7 Shields
 + Level 2.9 Invocations
 * Level 1.6 Evocations


You had 3 spell levels left.
You didn't know any spells.
Your spell library was empty.

Dungeon Overview and Level Annotations

Branches:
Dungeon (2/15)

Altars:


Innate Abilities, Weirdness & Mutations

You cannot be hasted, slowed, berserked, paralysed or teleported.
You can dig through walls and to a lower floor.
Your four strong arms can wield two-handed weapons with a shield.
You have a pair of large antennae on your head. (SInv)


Message History

Lugonu accepts your kill.
A worm comes into view.
The worm is pulled toward you!
You see here a worm corpse.
The worm is pulled toward you!
There is a stone staircase leading up here.
The worm is pulled toward you!
You see here a worm corpse.
You see here a falchion.
The worm is pulled toward you!
Things that are here:
a +2 dagger of venom; a goblin corpse The worm closely misses you.
You see here an adder corpse.
Found 32 stones.
The worm is pulled toward you!
A bat comes into view.
The bat is pulled toward you! The worm is pulled toward you!
The bat hits you but does no damage. The worm bites you.
You die...

..##......###.#
...........#..#
..............##.
#................
#..........#....(
###..........#.....
...?....b.....#...#
#...>...........#
###....@w.........#
..................#
...................
.....(....†........
.......<†))........
...#........#######
...##......## ##
########


You could see a worm and a bat.

Vanquished Creatures
  2 adders (D:2)
  An ooze (D:1)
  A dart slug (D:1)
  A worm (D:2)
  A leopard gecko (D:1)
  2 ball pythons (D:1)
  3 giant cockroaches (D:1)
  3 goblins
  4 hobgoblins (D:1)
  A kobold (D:1)
  7 bats (D:1)
  4 frilled lizards (D:1)
  2 rats (D:2)
32 creatures vanquished.

Notes
Turn   | Place    | Note
-------+----------+-------------------------------------------
     0 | Abyss:1  | Gadfly the Formicid Abyssal Knight began the quest for the
                  | Orb.
     0 | Abyss:1  | Reached XP level 1. HP: 18/18 MP: 2/2
    36 | D:1      | Escaped the Abyss
   228 | D:1      | Reached XP level 2. HP: 21/24 MP: 3/3
   364 | D:1      | Reached skill level 1 in Shields
   602 | D:1      | Reached skill level 1 in Evocations
   686 | D:1      | Reached XP level 3. HP: 24/29 MP: 4/4
  1157 | D:1      | Reached ** piety under Lugonu
  1631 | D:2      | Reached XP level 4. HP: 11/35 MP: 6/6
  1646 | D:2      | Slain by a worm

Illustrated notes

Levels and vault maps discovered:
D:1:      dpeg_arrival_erosion, layout_basic
D:2:      layout_rooms, minmay_lizard_king

Skill      XL: |  1  2 |
---------------+-------+-----
Shields        | 1 |  1.7
Evocations     | 1 |  1.6
Fighting       | |  3.3
Axes           | |  2.4
Armour         | |  2.6
Dodging        | |  0.8
Invocations    | |  2.9

Action                   |  1- 3 |  4- 6 || total
-------------------------+-------+-------++-------
Melee: Hand axe          |    92 |     4 ||    96
 Abil: Dig               |     6 |       ||     6
  Use: Scroll            |     2 |       ||     2
       Potion            |     1 |     1 ||     2
Armor: Leather armour    |    42 |     1 ||    43
Dodge: Dodged            |    67 |     2 ||    69
